 Dungeon Crawl Stone Soup version 0.19-a0-1676-g39ae8cc (webtiles) character file.

59 4thArraOfDagon the Ducker (level 3, -6/33 HPs)
             Began as a Troll Wanderer on Sept 23, 2016.
             Was a Follower of Dithmenos.
             Mangled by Grinder (10 damage)
             ... while paralysed by Grinder
             ... on level 3 of the Dungeon.
             The game lasted 00:02:05 (394 turns).

4thArraOfDagon the Ducker (Troll Wanderer)           Turns: 394, Time: 00:02:06

Health: -6/33      AC:  7    Str: 16 (18) XL:     3   Next: 78%
Magic:  2/2        EV:  1    Int: 11 (12) God:    Dithmenos [*.....]
Gold:   38         SH:  0    Dex:  5 (8)  Spells: 0 memorised, 2 levels left

rFire  . . .     SeeInvis .       - Unarmed
rCold  . . .     Gourm    +     a - +2 robe
rNeg   . . .     Faith    .     (no shield)
rPois  .         Spirit   .     (helmet restricted)
rElec  .         Dismiss  .     (no cloak)
rCorr  .         Reflect  .     (gloves unavailable)
MR     .....     Harm     .     (boots unavailable)
Stlth  +.........               (no amulet)
                                (no ring)
                                (no ring)

@: paralysed, wreathed by umbra
A: unfitting armour, claws 3, blurry vision 2, fast metabolism 3, gourmand,
regeneration 1, shaggy fur 1, tough skin 2
a: Renounce Religion


You were on level 3 of the Dungeon.
You worshipped Dithmenos.
Dithmenos was aware of your devotion.
You were full.

You visited 1 branch of the dungeon, and saw 3 of its levels.

You collected 38 gold pieces.

Inventory:

Hand Weapons
 c - a +0 shortbow
 e - a +0 dagger
Missiles
 d - 27 arrows
Armour
 a - a +2 robe (worn)
Scrolls
 g - a scroll of remove curse {unknown}
 l - 2 scrolls of identify {unknown}
Comestibles
 f - 3 bread rations
 h - a meat ration


   Skills:
 - Level 1.5 Fighting
 - Level 1.0 Bows
 - Level 4.1 Dodging
 - Level 1.1 Stealth
 * Level 3.5 Unarmed Combat


You had 2 spell levels left.
You didn't know any spells.

Dungeon Overview and Level Annotations

Branches:
Dungeon (3/15)

Altars:
Dithmenos
Qazlal

Annotations:
D:2 Natasha
D:3 Grinder


Innate Abilities, Weirdness & Mutations

You are too large for most types of armour.
You have claws for hands.
Your metabolism is lightning-fast.
You like to eat raw meat.
Your natural rate of healing is unusually fast.
You are covered in fur. (AC +1)
You have very tough skin. (AC +2)
Scrolls take you longer to read.


Message History

Unknown command.
You closely miss Grinder.
Grinder is severely wounded.
Grinder hits you!
You writhe in agony.
You barely miss Grinder.
Grinder is severely wounded.
Grinder gestures at you. Pain shoots through your body!
* * * LOW HITPOINT WARNING * * *
You are too injured to fight recklessly!
You are too injured to fight recklessly!
You are too injured to fight recklessly!
Unknown command.
You closely miss Grinder.
Grinder is severely wounded.
Grinder gestures at you.
You suddenly lose the ability to move!
Grinder hits you but does no damage. Grinder hits you!
You die...

.#.#.# .#.#.#+## #.
..#.#...†. #. ##
..#.#..... #. #.
.#.#.#.....
#.#.###.##.#.#.#.#+##
#.#........#.#.#.#.#
#.######.###.#.#'#.##
#...@5....)..#.......
#..#####.#...........
#.(# #.#...5....#..
#..# #.#....#...###
#..# #+#.[..#...#
#... ...#.##...# ....
.....#.##...# ..#...
.....+...#... ..+...
.....#.#.####.


You could see Grinder.

Vanquished Creatures
  Ijyb (D:2)
  2 adders
  A worm (D:2)
  A bat (D:2)
  A goblin (D:2)
  3 hobgoblins
  A quokka (D:3)
  2 frilled lizards
  A kobold (D:1)
  2 rats
15 creatures vanquished.

Notes
Turn   | Place    | Note
-------+----------+-------------------------------------------
     0 | D:1      | 4thArraOfDagon the Troll Wanderer began the quest for the Orb.
     0 | D:1      | 4thArraOfDagon set off with: a +2 robe, a +0 mace, a +0 shortbow, 27 arrows, a +0 dagger, 2 bread rations
     0 | D:1      | Reached XP level 1. HP: 19/19 MP: 0/0
    75 | D:2      | Found a faded altar of an unknown god.
    82 | D:2      | Became a worshipper of Dithmenos the Shadowed
    82 | D:2      | Reached * piety under Dithmenos
   121 | D:2      | Noticed Natasha
   126 | D:2      | Reached skill level 1 in Unarmed Combat
   153 | D:2      | Reached XP level 2. HP: 27/27 MP: 1/1
   218 | D:2      | Found a stormy altar of Qazlal.
   230 | D:2      | Noticed Ijyb
   243 | D:2      | Killed Ijyb
   243 | D:2      | Reached XP level 3. HP: 29/33 MP: 2/2
   331 | D:3      | Noticed Grinder
   350 | D:3      | Gained mutation: Scrolls take you a little longer to read. [potion of mutation]
   350 | D:3      | Gained mutation: Scrolls take you longer to read. [potion of mutation]
   361 | D:3      | Paralysed by Grinder for 5 turns
   392 | D:3      | Paralysed by Grinder for 3 turns
   394 | D:3      | Mangled by Grinder

Vault maps used:
D:1:      minmay_arrival_nine_rooms, minmay_heptomino_o4
D:2:      nicolae_overflow_crystal_walls, ecumenical_altar_1,
          cheibriados_altar_1, uniq_iyjb, uniq_natasha
D:3:      lemuel_round_altar, first_bread, uniq_grinder

Skill      XL: |  1  2 |
---------------+-------+-----
Unarmed Combat | 2 3 |  3.5
Fighting       | |  1.5
Bows           | |  1.0
Dodging        | |  4.1
Stealth        | |  1.1

Action                   || total
-------------------------++-------
Melee: Unarmed           ||    64
       Mace              ||     1
       Punch             ||     1
  Use: Potion            ||     6
 Stab: Sleeping          ||     1
  Eat: Chunk             ||     5
Armor: Robe              ||    25
Dodge: Dodged            ||    58
